 Dungeon Crawl Stone Soup version 0.15.2 (webtiles) character file.

42 dngmouse the Magician (level 3, -4/19 HPs)
             Began as a Deep Elf Fire Elementalist on May 29, 2015.
             Was an Initiate of Sif Muna.
             Killed from afar by an orc wizard (7 damage)
             ... with a magic dart
             ... on Level 3 of the Dungeon.
             The game lasted 00:10:10 (1363 turns).

dngmouse the Magician (Deep Elf Fire Elementalist)  Turns: 1363, Time: 00:10:11

HP  -4/19        AC  2     Str  5      XL: 3   Next: 35%
MP   9/12        EV 13     Int 20      God: Sif Muna [......]
Gold 131         SH  0     Dex 15      Spells:  1 memorised,  9 levels left

rFire  . . .     SeeInvis .     f - +0 short sword
rCold  . . .     Clarity  .     a - +0 robe
rNeg   . . .     rCorr    .     (no shield)
rPois  .         rRot     .     (no helmet)
rElec  .         Spirit   .     (no cloak)
SustAb .         Warding  .     (no gloves)
rMut   .         Stasis   .     (no boots)
Gourm  .                        (no amulet)
MR     .....                    (no ring)
                                (no ring)

@: not resistant to hostile enchantments, unstealthy
A: no striking features
a: Renounce Religion


You were on level 3 of the Dungeon.
You worshipped Sif Muna.
Sif Muna was noncommittal.
You were not hungry.

You visited 1 branch of the dungeon, and saw 3 of its levels.

You collected 131 gold pieces.

Inventory:

Hand weapons
 d - a +0 dagger
 f - a +0 short sword (weapon)
 o - a +0 spear
Missiles
 p - 14 poisoned needles
Armour
 a - a +0 robe (worn)
 j - a cursed +0 leather armour
Comestibles
 c - 2 bread rations
Scrolls
 e - 2 scrolls of identify {unknown}
 g - 2 scrolls of recharging {unknown}
 h - a scroll of enchant armour {unknown}
 i - a scroll of remove curse {unknown}
 k - a scroll of blinking {unknown}
 l - 3 scrolls of random uselessness {unknown}
Potions
 m - a potion of curing {unknown}
 n - a potion of haste {unknown}
 r - a potion of confusion {unknown}
Books
 b - a book of Flames

   Spells                             Type                      Level
   *Flame Tongue                      Conjuration/Fire             1
   Throw Flame                        Conjuration/Fire             2
   Conjure Flame                      Conjuration/Fire             3
   Inner Flame                        Hexes/Fire                   3
   Sticky Flame                       Conjuration/Fire             4
   Fireball                           Conjuration/Fire             5


   Skills:
 - Level 2.4 Dodging
 - Level 2.4 Stealth
 + Level 4.0 Spellcasting
 + Level 2.3 Conjurations
 + Level 3.7 Fire Magic


You had 9 spell levels left.
You knew the following spells:

 Your Spells              Type           Power        Failure   Level  Hunger
a - Flame Tongue          Conj/Fire      ###..        3%          1    None


Dungeon Overview and Level Annotations

Branches:
Dungeon (3/15)

Altars:
Sif Muna


Message History

Jessica blinks!
Casting: Flame Tongue
Confirm with . or Enter, or press ? or * to list all spells.
Aiming: Flame Tongue
Press: ? - help, Shift-Dir - straight line, f/p - Jessica
Aim: Jessica wearing a robe The flame tongue hits Jessica.
You kill Jessica!
Your Spellcasting skill increases to level 4!
You have reached level 3!
Your experience leads to an increase in your attributes!
Increase (S)trength, (I)ntelligence, or (D)exterity?
You feel clever.
You see here a robe.
The orc wizard gestures wildly while chanting.
You feel troubled.
You feel yourself speed up.
The orc wizard points at you and mumbles some strange words.
The magic dart hits you!
You die...

#..#...#####...
#.........o...o
##.#...#......
#)##.##.# .#
#####.##.##.###.#
#[o.o.##........#
#.#########.#####
#.#### #.#
#@##.## #.#
#.#...## #<#
#......## #.#
#.......# #.#
##)....## #.#
##...## #.#
##.######.#
#.....<..#
##########


You could see an orc wizard.

Vanquished Creatures
  Jessica (D:3)
  A giant mite (D:2)
  An orc (D:3)
  2 bats (D:1)
  3 giant cockroaches (D:1)
  A goblin (D:2)
  A hobgoblin (D:2)
  5 jackals (D:2)
  4 kobolds
  A rat (D:1)
20 creatures vanquished.

Notes
Turn   | Place    | Note
--------------------------------------------------------------
     0 | D:1      | dngmouse, the Deep Elf Fire Elementalist, began the quest for the Orb.
     0 | D:1      | Reached XP level 1. HP: 10/10 MP: 5/5
   664 | D:2      | Reached XP level 2. HP: 15/15 MP: 4/8
   979 | D:2      | Found a deep blue altar of Sif Muna.
   990 | D:2      | Became a worshipper of Sif Muna the Loreminder
  1350 | D:3      | Noticed Jessica
  1358 | D:3      | Killed Jessica
  1358 | D:3      | Reached skill level 4 in Spellcasting
  1358 | D:3      | Reached XP level 3. HP: 3/19 MP: 8/12
  1363 | D:3      | Killed from afar by an orc wizard

Action                   || total
-------------------------++-------
Melee: Short sword       ||    12
 Cast: Flame Tongue      ||    31
  Eat: Chunk             ||     1
